Map: [ESL] Oceanborn

Players

AqueroN

  • Race: Terran Terran
  • Spawn Location: 11:00

Lambo - Winner!

  • Race: Zerg Zerg
  • Spawn Location: 5:00

Event: ESL SC2 Masters 2023 Winter (Regional)

VOD

Have the link to the VOD?

Description

Time

  • Played on: Oct. 27, 2023, 10:17 a.m.
  • Length: 9:27

All games in this series

Show
View Real Time Build Order
Export as new Build Order

AqueroN Terran 

Build Orders: Hellion Opening, Reaper Expand 

Get SALT Encoding   

  12  0:00  SCV  
  13  0:12  SCV  
  14  0:17  Supply Depot  
  14  0:24  SCV  
  15  0:38  SCV  
  15  0:40  Barracks  
  16  0:43  Refinery  
  16  0:50  SCV  
  17  1:02  SCV  
  18  1:15  SCV  
  19  1:27  Orbital Command, Reaper  
  20  1:39  Command Center  
  20  1:49  Supply Depot  
  20  1:54  SCV  
  21  1:59  Marine  
  22  2:06  SCV  
  23  2:11  Factory  
  23  2:18  SCV  
  23  2:20  Barracks Reactor  
  24  2:29  Refinery  
  24  2:30  SCV  
  25  2:39  Barracks  
  25  2:42  SCV  
  26  2:52  Barracks  
  26  2:54  Orbital Command  
  26  2:56  SCV  
  27  3:02  Barracks Reactor  
  27  3:03  Hellion  
  29  3:08  Hellion  
  29  3:10  SCV  
  32  3:19  SCV  
  33  3:22  SCV  
  33  3:25  Hellion  
  36  3:30  Barracks Tech Lab, Hellion  
  38  3:36  Supply Depot  
  38  3:37  SCV x2  
  38  3:40  Barracks Tech Lab  
  38  3:41  Marine  
  41  3:42  Marine  
  42  3:50  Stimpack  
  42  3:52  Hellion  
  42  3:53  Hellion  
  46  3:59  Marauder  
  50  4:04  Marine, Marauder  
  50  4:05  Marine  
  52  4:12  Supply Depot  
  52  4:14  Hellion  
  52  4:15  Combat Shield  
  52  4:16  Supply Depot  
  54  4:33  Marauder, Marine x2  
  54  4:36  Hellion, Marauder  
  54  4:38  Hellion  
  64  4:41  Supply Depot  
  64  4:47  Armory  
  64  4:55  Marauder  
  64  4:56  Marine x2  
  64  4:58  Marauder  
  70  5:02  Hellion x2  
  74  5:07  Supply Depot  
  74  5:16  Marauder  
  74  5:20  Marauder  
  78  5:29  Hellion x2  
  78  5:35  Marine x2  
  83  5:38  Marauder  
  86  5:43  Starport  
  86  5:44  Marauder, Supply Depot  
  88  5:54  Marine x2  
  88  5:59  Marauder  
  90  6:06  Marauder  
  90  6:10  Hellion x2  
  89  6:14  Marine  
  88  6:20  Marauder, SCV x2  
  88  6:22  Marine  
  85  6:27  Marauder  
  85  6:32  SCV x2, Marine  
  84  6:36  Starport Reactor  
  84  6:38  Supply Depot  
  78  6:40  Marine  
  78  6:41  Marine  
  76  6:48  Marine  
  76  6:49  Marine  
  76  6:51  Widow Mine  
  76  6:52  Widow Mine  
  76  6:53  SCV x2  
  67  6:58  Marine, Supply Depot  
  67  6:59  Marine  
  65  7:05  SCV x2  
  65  7:07  Marine  
  68  7:12  Medivac  
  68  7:13  Medivac  
  74  7:15  Widow Mine  
  74  7:16  Marine  
  74  7:17  SCV x2  
  74  7:18  Refinery  
  74  7:21  Widow Mine  
  79  7:25  Marine x2  
  79  7:29  SCV x2  
  83  7:31  Barracks  
  83  7:33  Barracks  
  83  7:37  Widow Mine  
  83  7:39  Marauder, Marine  
  83  7:41  SCV x2  
  83  7:42  Widow Mine  
  83  7:43  Marine  
  93  7:57  Marauder  
  93  7:58  Medivac  
  97  7:59  SCV  
  97  8:00  SCV  
  97  8:01  Marine x3  
  102  8:09  Medivac  
  102  8:11  Command Center  
  104  8:15  Widow Mine  
  104  8:17  Widow Mine  
  104  8:18  Marine  
  104  8:19  Marine x2  
  111  8:23  Barracks Reactor  
  111  8:24  Marine  
  111  8:25  Marine  
  113  8:33  Medivac  
  102  8:36  Marine x3  
  105  8:42  Marine  
  105  8:43  Supply Depot, Marine  
  105  8:46  Supply Depot  
  107  8:53  Marine  
  107  8:54  Marine x2  
  110  8:58  Widow Mine  
  110  8:59  Widow Mine  
  110  9:00  Marine  
  117  9:06  Marine x2  
Show
View Real Time Build Order
Export as new Build Order

Lambo Zerg - Winner!

Build Orders: Hatch First 

Get SALT Encoding   

  12  0:00  Drone  
  13  0:12  Overlord  
  13  0:16  Drone  
  14  0:31  Drone x2  
  16  0:47  Hatchery  
  15  0:50  Drone  
  15  0:54  Drone  
  18  0:57  Drone  
  18  1:08  Extractor  
  17  1:12  Spawning Pool  
  17  1:15  Drone  
  17  1:18  Drone  
  18  1:29  Drone  
  19  1:39  Drone  
  20  1:50  Drone  
  21  1:59  Queen x2  
  21  2:00  Zergling x4  
  27  2:14  Hatchery  
  26  2:16  Drone  
  27  2:23  Overlord  
  27  2:31  Metabolic Boost  
  27  2:32  Drone  
  28  2:41  Drone x3  
  28  2:42  Drone  
  32  2:47  Queen  
  34  2:52  Overlord  
  34  2:58  Drone x2  
  36  3:10  Queen  
  36  3:12  Drone x2  
  40  3:13  Drone x2  
  40  3:14  Drone  
  43  3:21  Drone  
  43  3:25  Queen  
  46  3:27  Drone  
  46  3:31  Overlord  
  47  3:35  Queen  
  47  3:36  Drone  
  47  3:37  Overlord  
  50  3:49  Drone x2  
  50  3:51  Queen  
  50  3:52  Zergling x6  
  50  3:54  Zergling x2  
  58  3:58  Overlord  
  58  3:59  Drone x2  
  60  4:04  Queen  
  60  4:06  Overlord  
  60  4:07  Drone  
  63  4:13  Overlord  
  63  4:17  Drone x4  
  63  4:19  Drone x2  
  63  4:24  Overlord  
  69  4:25  Drone x2  
  69  4:30  Zergling x2  
  69  4:31  Zergling x2  
  73  4:36  Lair  
  73  4:37  Drone x3, Extractor  
  74  4:42  Zergling x4, Overlord  
  76  4:46  Drone x3  
  76  4:48  Baneling Nest  
  76  4:52  Drone x2  
  80  4:53  Extractor  
  80  4:55  Spore Crawler  
  80  4:56  Spore Crawler  
  80  4:57  Overlord  
  77  5:01  Drone  
  77  5:02  Spore Crawler  
  77  5:06  Drone x5  
  82  5:11  Drone  
  83  5:14  Extractor  
  83  5:17  Drone x4, Queen  
  88  5:30  Zergling x12  
  88  5:34  Zergling x2  
  95  5:37  Centrifugal Hooks, Hatchery  
  95  5:38  Drone  
  95  5:41  Evolution Chamber  
  94  5:44  Zergling x10  
  94  5:47  Zergling x2  
  100  5:55  Zergling x2, Baneling x2  
  100  5:56  Zergling x8  
  105  6:00  Baneling x5  
  105  6:02  Zergling x6  
  101  6:05  Zergling x4  
  101  6:07  Queen  
  101  6:11  Queen  
  99  6:12  Zergling x2  
  99  6:17  Zergling x8, Baneling x3  
  100  6:25  Zergling x4  
  88  6:28  Zergling x2, Baneling x5  
  88  6:31  Zergling x2  
  87  6:33  Zergling x2  
  87  6:38  Baneling  
  87  6:39  Zergling x2  
  84  6:42  Zergling x6  
  84  6:43  Queen  
  89  6:50  Zergling x4  
  89  6:52  Queen  
  84  7:03  Zergling x6, Zerg Ground Armor Level 1  
  84  7:06  Drone  
  88  7:09  Zergling x4  
  88  7:13  Hatchery  
  88  7:15  Queen  
  91  7:17  Zergling x4  
  91  7:18  Queen  
  91  7:22  Evolution Chamber  
  94  7:24  Zergling x6  
  94  7:25  Baneling x3  
  94  7:28  Queen  
  98  7:31  Zergling x10  
  98  7:33  Zergling x2  
  98  7:36  Zergling x2  
  105  7:41  Overlord x2  
  105  7:42  Overlord  
  105  7:44  Overlord  
  105  7:52  Overlord  
  105  7:54  Overseer, Overlord  
  105  7:56  Overlord  
  105  7:57  Baneling x3  
  105  7:58  Baneling x3  
  105  7:59  Zergling x6  
  105  8:01  Drone  
  105  8:03  Zergling x4  
  111  8:06  Zergling x6  
  111  8:07  Baneling x3  
  114  8:13  Zergling x6  
  114  8:18  Baneling x3  
  114  8:19  Baneling x3  
  118  8:20  Zergling x8  
  118  8:23  Queen  
  118  8:25  Zergling x6  
  126  8:32  Zergling x2  
  124  8:35  Drone x2  
  124  8:39  Zergling x8  
  130  8:43  Zergling x8  
  130  8:45  Zergling x4  
  130  8:47  Drone  
  130  8:48  Hydralisk Den  
  135  8:53  Zergling x8  
  138  8:56  Baneling x5  
  138  8:58  Zergling x4  
  141  9:02  Zergling x2  
  141  9:04  Zergling x2  
  141  9:07  Zergling x6  
  141  9:08  Zergling x2  
Tags
 
Add a new tag
Caveats
  • Supply blocks, unpowered buildings, or Contaminate may cause inaccurate times.
  • Supply counts are checked every 10 seconds.